Match 43453590
Unlisted

Match 43453590
End
Construct Weapon Support Center
Engineer Squad
Selects Special Operations Battlegroup
Selects M29 Weasel Recon Vehicle
M29 Weasel Recon Vehicle
M1919 Machine Gun Team
Bazooka Squad
Mechanized Support Center
M3 Armored Personnel Carrier
Construct Tank Depot
Designate Forward Repair Station
Selects Raiding Flares
Selects SSF Commando Squad
SSF Commando Squad
SSF Commando Squad
M4(105) Sherman Bulldozer
Improved M9 Bazooka Rockets
Selects P-47 Anti-Infantry Loiter
Selects UNKNOWN (2162291)
Salvage Crew
SSF Commando Squad
M4A1 Sherman Whizbang
Rapid Repairs
Improvised Armor
Selects Assault Operation
M4A1 Sherman Medium Tank
P-47 Anti-Infantry Loiter
M4A1 76mm Conversion
M4A1(76) Sherman Medium Tank
M4A1(76) Sherman Medium Tank
SSF Commando Squad
P-47 Anti-Infantry Loiter
M4A1(76) Sherman Medium Tank
M4A1(76) Sherman Medium Tank
M4A1(76) Sherman Medium Tank
Lynx
M1k3H4lt0n
Rasvak
Legionary
[82AD] PaulVmax
Luce
Jackson
Mace
0
0

Comments sign in to comment!

No comments posted yet!